 Dungeon Crawl Stone Soup version 0.29.1-15-g9cfb28693d (webtiles) character file.

Game seed: 15068340293340003269

28 coffeetime the Chopper (level 2, 0/27 HPs)
             Began as a Minotaur Berserker on July 10, 2023.
             Was a Follower of Trog.
             Succumbed to an adder's poison
             ... on level 2 of the Dungeon.
             The game lasted 00:01:13 (1224 turns).

coffeetime the Chopper (Minotaur Berserker)         Turns: 1224, Time: 00:01:13

Health: 0/27       AC:  2    Str: 21    XL:     2   Next: 96%
Magic:  1/1        EV: 12    Int:  4    God:    Trog [*.....]
Gold:   20         SH:  0    Dex:  9    Spells: 1/1 levels left

rFire   . . .      SeeInvis .   a - +0 hand axe
rCold   + . .      Faith    .   (no shield)
rNeg    . . .      Spirit   .   b - +0 animal skin
rPois   .          Reflect  .   (helmet restricted)
rElec   .          Harm     .   (no cloak)
rCorr   .          Rampage  .   (no gloves)
Will    .....                   (no boots)
Stlth   +.........              (no amulet)
HPRegen 0.09/turn               g - ring of protection from cold
MPRegen 0.07/turn               (no ring)

@: lethally poisoned (0 -> -12)
A: horns 2, retaliatory headbutt
a: Renounce Religion, Berserk


You were on level 2 of the Dungeon.
You worshipped Trog.
Trog was aware of your devotion.
You visited 1 branch of the dungeon, and saw 2 of its levels.

You collected 20 gold pieces.

Inventory:

Hand Weapons
 a - a +0 hand axe (weapon)
Missiles
 i - 13 stones (quivered)
Armour
 b - a +0 animal skin (worn)
Jewellery
 g - a ring of protection from cold (left hand)
Scrolls
 c - a scroll of teleportation {unknown}
 d - a scroll of amnesia {unknown}
 e - a scroll of identify {unknown}
 h - a scroll of poison {unknown}
Potions
 f - 2 potions of flight {unknown}
 j - a potion of heal wounds {unknown}


   Skills:
 + Level 4.0 Fighting
 + Level 4.5 Axes
 + Level 2.5 Armour
 + Level 2.4 Dodging


You had one spell level left.
You didn't know any spells.
Your spell library was empty.

Dungeon Overview and Level Annotations

Branches:
Dungeon (2/15)

Altars:


Innate Abilities, Weirdness & Mutations

You have a pair of horns on your head.
You reflexively headbutt those who attack you in melee.


Message History

Found a scroll labelled XOILLUC JOCS.
The adder hisses angrily.
The kobold barely misses you. The adder closely misses you.
You closely miss the adder. Your headbutt misses the adder.
You hit the kobold but do no damage. The adder barely misses you.
The kobold hits you with a +0 whip. The adder completely misses you.
You miss the adder. You hit the kobold. The kobold hits you with a +0 whip.
The adder bites you.
You are poisoned.
The adder poisons you! The kobold barely misses you.
You hit the kobold.
You kill the kobold!
Trog accepts your kill.
You closely miss the adder.
You feel sick. The adder barely misses you. The adder misses you.
You furiously retaliate!
You headbutt the adder. You hit the adder. Your headbutt misses the adder.
The adder is severely wounded.
You feel sick. The adder bites you.
You are more poisoned.
The adder poisons you!
You barely miss the adder.
The adder is severely wounded.
You feel sick. The adder closely misses you.
You closely miss the adder. Your headbutt misses the adder.
The adder is severely wounded.
You feel sick. The adder bites you.
You are more poisoned.
The adder poisons you! The adder bites you.
* * * LOW HITPOINT WARNING * * *
You are more poisoned.
The adder poisons you!
You barely miss the adder.
The adder is severely wounded.
* * * LOW HITPOINT WARNING * * *
You feel very sick. The adder bites you.
* * * LOW HITPOINT WARNING * * *
You miss the adder.
The adder is severely wounded.
You die...

....#+##.'....#...
###< #.#......... #.
#.#.########
#.#........
#.#+##..)#######
#..............#
#.........##.#.#####.
#.........##.#.......
#.........##.@...#
#.........##).S....?.
#.........##.....####
#.........##.....+
#.........##.....#
......# ......#
#.####.#


You could see an adder.

Vanquished Creatures
  A dart slug (D:1)
  A ball python (D:2)
  A bat (D:2)
  2 endoplasms (D:1)
  A giant cockroach (D:1)
  3 goblins
  4 hobgoblins
  2 frilled lizards
  5 kobolds
  2 rats
22 creatures vanquished.

Notes
Turn   | Place    | Note
-------+----------+-------------------------------------------
     0 | D:1      | coffeetime the Minotaur Berserker began the quest for the
                  | Orb.
     0 | D:1      | Reached XP level 1. HP: 19/19 MP: 0/0
   382 | D:1      | Reached XP level 2. HP: 20/26 MP: 1/1
  1224 | D:2      | Succumbed to an adder's poison

Illustrated notes

Levels and vault maps discovered:
D:1:      spicycebolla_arrival_clurvy, layout_basic
D:2:      minmay_evil_eye, layout_basic,
          dreamdust_ecumenical_altar_drowned_temple

Skill      XL: |  1  2 |
---------------+-------+-----
Axes           | 4 |  4.5
Fighting       | 4 |  4.0
Armour         | |  2.5
Dodging        | |  2.4

Action                   || total
-------------------------++-------
Melee: Hand axe          ||    49
       Headbutt          ||     7
Armor: Animal skin       ||     4
Dodge: Dodged            ||    28
